 Dungeon Sprint DCSS version 0.27-a0-1149-g4505690ab0 (webtiles) character file.

Game seed: 5910171694569267641

15 Zeld the Shield-Bearer (level 2, -2/23 HPs)
             Began as an Octopode Fighter on May 13, 2021.
             Was an Initiate of Fedhas.
             Slain by a tarantella (17 damage)
             ... in the Dungeon (Sprint V: "Ziggurat Sprint").
             The game lasted 00:01:17 (258 turns).

Zeld the Shield-Bearer (Octopode Fighter)            Turns: 258, Time: 00:01:17

Health: -2/23      AC:  1    Str: 27    XL:     2   Next: 50%
Magic:  2/2        EV:  9    Int: 10    God:    Fedhas [......]
Gold:   0          SH:  0    Dex: 11    Spells: 1/1 levels left

rFire    . . .     SeeInvis .   j - +5 broad axe
rCold    . . .     Faith    .   i - +3 tower shield
rNeg     . . .     Spirit   .   (helmet restricted)
rPois    .         Reflect  .   (no amulet)
rElec    .         Harm     .   v - +6 ring of strength
rCorr    .         Rampage  .   w - +6 ring of strength
Will     .....     NoTele   +   (no ring)
Stlth    ++........             (no ring)
HPRegen  0.07/turn              (no ring)
MPRegen  0.08/turn              (no ring)
                                (no ring)
                                (no ring)

@: confused
A: almost no armour, amphibious, 8 rings, camouflage 1, gelatinous body 1,
(nimble swimmer 1), tentacles
a: Renounce Religion


You were in the Dungeon.
You worshipped Fedhas.
Fedhas was noncommittal.
You visited 1 branch

Inventory:

Hand Weapons
 j - a +5 broad axe (weapon)
Armour
 i - a +3 tower shield (worn)
Jewellery
 v - a +6 ring of strength (left tentacle)
 w - a +6 ring of strength (right tentacle)
Wands
 s - a wand of mindburst (7)
 t - a wand of iceblast (5)
 u - a wand of acid (7)
Scrolls
 h - 4 scrolls of blinking
 n - 4 scrolls of amnesia
 o - 7 scrolls of fog
 p - a scroll of holy word
 q - 5 scrolls of identify
 r - 2 scrolls of fear
Potions
 a - 2 potions of brilliance
 b - 6 potions of might
 c - 10 potions of curing
 d - 10 potions of heal wounds
 e - 6 potions of haste
 f - 7 potions of magic
 g - 3 potions of berserk rage
 k - 2 potions of invisibility
 l - 4 potions of resistance
Miscellaneous
 x - a lightning rod (4/4)


   Skills:
 + Level 4.5 Fighting
 * Level 4.6 Axes
 - Level 3.0 Dodging
 + Level 5.6 Shields
 - Level 2.0 Unarmed Combat
 * Level 1.0 Invocations


You had one spell level left.
You didn't know any spells.
Your spell library contained the following spells:

 Spells                   Type           Power      Damage    Failure   Level
 Foxfire                  Conj/Fire      0%         2x1d4     99%         1
 Cause Fear               Hex            0%         N/A       100%        4
 Dragon Form              Tmut           0%         N/A       100%        7
 Dragon's Call            Summ           0%         N/A       100%        9


Dungeon Overview and Level Annotations

Branches:
Dungeon (1/1)

Altars:
Ashenzari
Cheibriados
Dithmenos
Elyvilon
Fedhas
Gozag
Hepliaklqana
Kikubaaqudgha
Makhleb
Nemelex Xobeh
Okawaru
Qazlal
Ru
Sif Muna
Trog
Uskayaw
Vehumet
Wu Jian
Xom
Yredelemnul
Zin
The Shining One
Beogh
Jiyva
Lugonu

Annotations:
D 1 transporter


Innate Abilities, Weirdness & Mutations

You cannot wear most types of armour.
You are amphibious.
You can wear up to eight rings at the same time.
Your skin changes colour to match your surroundings (Stealth+).
Your rubbery body absorbs attacks. (AC +1, EV +1)
((You are camouflaged near water. (Stealth+)))
You have tentacles for arms and can constrict up to eight enemies at once.


Message History

Okay, then.
You start resting.
HP restored.
You start waiting.
Done waiting.
There is a transporter here.
Welcome to arena 2.
You enter the transporter and appear at another place.
A tarantella and 2 scorpions come into view.
The tarantella hisses angrily.
Found a book of Minor Magic, a +4 ring of evasion and a staff of earth.
Found a transporter.
Unknown command.
Aiming: Iceblast
Press: ? - help, Shift-Dir - straight line The mass of ice explodes!
The iceblast engulfs the tarantella.
The tarantella is moderately wounded.
The iceblast engulfs the scorpion.
The scorpion is moderately wounded.
Unknown command.
Unknown command.
Aiming: Iceblast
Press: ? - help, Shift-Dir - straight line The mass of ice explodes!
The iceblast engulfs the tarantella.
The tarantella is heavily wounded.
The iceblast engulfs the scorpion!
The scorpion is almost dead.
The iceblast engulfs the scorpion.
The scorpion is moderately wounded.
The tarantella bites you!
You are confused.
Unknown command.
Unknown command.
You are too confused!
Unknown command.
You bump into the unnaturally hard rock wall.
The tarantella bites you!
Ouch! That really hurt!
You die...
Fedhas appreciates your contribution to the ecosystem.

▓▓▓▓▓▓▓▓▓▓▓▓▓
▓.8©8.▓.8©8.▓
▓.|:=.▓.....▓
▓.....▓.[...▓
▓.....▓.....▓
▓..s..▓.....▓
▓.ss..▓..©..▓
▓..@..▓▓▓▓▓▓▓
▓▓▓▓▓▓▓


You could see a tarantella and 2 scorpions.

Vanquished Creatures
  A white imp (D)
  A bat zombie (D)
2 creatures vanquished.

Notes
Turn   | Place    | Note
-------+----------+-------------------------------------------
     0 | D        | Zeld the Octopode Fighter began the quest for the Orb.
     0 | D        | Reached XP level 1. HP: 16/16 MP: 1/1
     3 | D        | Found a blossoming altar of Fedhas.
     4 | D        | Found the +6 Majin-Bo {vamp, MP+6 Int+6}
     4 | D        | Found the +9 heavy crossbow "Sniper" {vorpal, Acc+∞ SInv}
     4 | D        | Found the +10 dark maul {vorpal}
     4 | D        | Found the +15 Maxwell's patent armour {-Cast -Tele rElec
                  | Will+ rCorr}
     4 | D        | Found the +18 shield of the Gong {rElec rN+ Will+ EV-5}
     4 | D        | Found the +14 obsidian axe {vorpal, Drain Fly SInv}
     5 | D        | Found the +7 great mace "Firestarter" {inner flame, rF++}
     5 | D        | Found the +6 shillelagh "Devastator" {shatter}
     5 | D        | Found the +11 plutonium sword {Contam Stlth-}
     5 | D        | Found the +8 lance "Wyrmbane" {slay drac, rPois rF+ rC+
                  | AC+3}
     5 | D        | Found the +9 sword of Zonguldrok {reap}
     5 | D        | Found the +13 scythe of Curses {drain, Drain}
     5 | D        | Found the +5 sword of Power {vorpal}
     5 | D        | Found the +7 mace of Variability {chain chaos}
     5 | D        | Found the +7 Singing Sword {vorpal, sonic wave}
     5 | D        | Found the +8 storm bow {elec, penet}
     6 | D        | Found a viscous altar of Jiyva.
     6 | D        | Found a hazy altar of Hepliaklqana.
     6 | D        | Found a transporter.
     6 | D        | Found an opulent altar of Gozag.
     6 | D        | Found an ancient bone altar of Kikubaaqudgha.
     6 | D        | Found a corrupted altar of Lugonu.
    10 | D        | Banished a spatial maelstrom
    23 | D        | Found a shimmering blue altar of Sif Muna.
    23 | D        | Found a sacrificial altar of Ru.
    23 | D        | Found a bloodstained altar of Trog.
    23 | D        | Found a stormy altar of Qazlal.
    23 | D        | Found an iron altar of Okawaru.
    23 | D        | Found a sparkling altar of Nemelex Xobeh.
    25 | D        | Found a burning altar of Makhleb.
    39 | D        | Reached skill level 5 in Shields
    39 | D        | Reached XP level 2. HP: 23/23 MP: 2/2
    53 | D        | Became a worshipper of Fedhas Madash
    86 | D        | Entered arena 2.
    86 | D        | Found a transporter.
    93 | D        | Reached skill level 1 in Invocations
   255 | D        | Entered arena 3.
   255 | D        | Noticed a scorpion
   255 | D        | Noticed a scorpion
   255 | D        | Noticed a tarantella
   255 | D        | Found a transporter.
   258 | D        | Slain by a tarantella

Illustrated notes

Levels and vault maps discovered:
D:        sprint_v [room_start, room_1, room_2, room_3, room_4, room_5, room_6,
          room_7, room_8, room_9, room_10, room_11, room_12, room_13, room_14,
          room_15, room_16, room_17, room_18, room_19, room_20, room_21,
          room_22, room_23, room_24, room_25, room_26, room_27]

Skill      XL: |  1  2 |
---------------+-------+-----
Fighting       | 4 |  4.5
Axes           | 4 |  4.6
Shields        | 5 |  5.6
Invocations    | 1 |  1.0
Dodging        | |  3.0
Unarmed Combat | |  2.0

Action                   || total
-------------------------++-------
Melee: Broad axe         ||     4
       Constrict         ||     1
       Tentacles         ||     1
Evoke: Wand              ||     2
  Use: Potion            ||     1
 Stab: Sleeping          ||     1
Armor: Skin              ||     2
Block: Tower shield      ||     4

Table legend: (Time is in decaauts)
 A = Elapsed time spent in this place.
 B = Non-inter-level travel time spent in this place.
 C = Inter-level travel time spent in this place.
 D = Time resting spent in this place.
 E = Time spent auto-exploring this place.
 F = Levels seen in this place.
 G = Mean time per level.
                   A        B        C        D        E       F      G
               +--------+--------+--------+--------+--------+-----+--------+
         Total |    259 |    259 |      0 |    180 |      0 |   1 |  259.0 |
       Dungeon |    259 |    259 |      0 |    180 |      0 |   1 |  259.0 |
               +--------+--------+--------+--------+--------+-----+--------+

Top non-repeatable levels by time:
       D: 259 daAuts
